Map: Lerilak Crest

Players

Lalush - Winner!

  • Race: Zerg Zerg

DrennoC

  • Race: Protoss Protoss

VOD

Have the link to the VOD?

Description

Time

  • Played on: April 3, 2015, 3:47 p.m.
  • Length: 12:22
Show
View Real Time Build Order
Export as new Build Order

Lalush Zerg - Winner!

Build Orders: Hatch First 

Get SALT Encoding   

  12  0:01  Drone  
  13  0:13  Drone  
  14  0:17  Overlord  
  14  0:29  Drone, Extractor  
  15  0:35  Drone  
  16  0:45  Drone  
  17  0:57  Hatchery  
  17  0:59  Drone  
  17  1:02  Drone  
  18  1:18  Drone, Spawning Pool  
  18  1:22  Drone  
  19  1:28  Drone  
  20  1:33  Extractor  
  20  1:39  Drone  
  20  1:49  Overlord  
  20  2:07  Queen  
  22  2:08  Queen  
  22  2:10  Drone x2  
  26  2:16  Drone  
  27  2:28  Drone  
  27  2:29  Drone  
  29  2:36  Overlord  
  29  2:39  Roach Warren  
  29  2:40  Drone  
  29  2:41  Metabolic Boost  
  29  2:51  Overlord  
  29  2:52  Drone x2  
  31  3:03  Drone  
  31  3:04  Drone  
  32  3:21  Drone  
  32  3:22  Drone x10  
  43  3:33  Lair, Extractor  
  42  3:40  Overlord  
  42  3:42  Drone  
  42  3:43  Drone, Extractor  
  42  3:44  Drone  
  44  3:50  Overlord  
  44  3:58  Roach  
  44  3:59  Roach x3  
  52  4:07  Roach x2  
  56  4:12  Overlord  
  56  4:23  Zergling x4  
  56  4:24  Zergling x12  
  64  4:29  Evolution Chamber, Overlord  
  63  4:32  Evolution Chamber  
  63  4:35  Glial Reconstitution  
  62  4:39  Drone x2  
  62  4:42  Extractor  
  63  4:47  Spore Crawler  
  63  4:49  Spore Crawler  
  63  4:50  Drone x2  
  63  4:59  Drone x3  
  69  5:00  Drone x5  
  68  5:10  Zerg Melee Weapons Level 1  
  68  5:11  Zerg Ground Armor Level 1  
  66  5:16  Overlord  
  57  5:42  Hatchery  
  50  6:11  Roach x15  
  60  6:12  Roach x4  
  88  6:25  Overlord x2  
  88  6:31  Extractor  
  87  6:33  Drone  
  87  6:34  Drone, Extractor  
  87  6:38  Ravager x4  
  92  6:45  Drone x8  
  100  7:09  Spore Crawler  
  100  7:13  Ravager x9  
  108  7:18  Overlord  
  108  7:54  Ravager x3  
  108  7:57  Ravager x3  
  114  8:02  Overlord x2  
  114  8:05  Zerg Missile Weapons Level 1  
  114  8:08  Overlord  
  114  8:09  Zergling x16  
  114  8:11  Overlord  
  114  8:12  Overlord  
  122  8:13  Zerg Ground Armor Level 2  
  122  8:23  Overseer  
  122  8:27  Overseer  
  88  10:03  Roach x14  
  88  10:04  Roach  
  99  10:50  Ravager x10  
  99  10:51  Ravager x5  
  99  10:53  Roach  
  99  10:54  Roach x8  
  123  11:12  Zergling x6  
  126  11:40  Ravager x3  
  126  11:41  Ravager x6  
  126  11:44  Overlord x2  
  135  11:50  Zergling x12  
  135  11:51  Zergling x6  
Show
View Real Time Build Order
Export as new Build Order

DrennoC Protoss 

Build Orders: Oracle Opening 

Get SALT Encoding   

  12  0:10  Pylon  
  12  0:23  Probe (Chrono Boost)  
  13  0:32  Gateway  
  13  0:33  Assimilator  
  13  0:41  Probe (Chrono Boost)  
  14  0:43  Assimilator  
  14  0:48  Probe (Chrono Boost)  
  15  0:50  Assimilator  
  15  1:02  Probe  
  16  1:19  Cybernetics Core  
  16  1:21  Probe (Chrono Boost)  
  16  1:23  Zealot  
  19  1:31  Probe (Chrono Boost)  
  20  1:38  Probe (Chrono Boost)  
  20  1:39  Pylon  
  22  1:55  Warp Gate  
  22  1:58  Mothership Core  
  23  2:19  Probe  
  24  2:31  Probe  
  25  2:40  Nexus  
  25  2:54  Sentry (Chrono Boost)  
  26  3:02  Stargate  
  26  3:11  Stargate  
  26  3:15  Probe  
  26  3:19  Pylon  
  27  3:28  Probe  
  27  3:32  Gateway  
  28  3:39  Pylon  
  28  3:40  Probe (Chrono Boost)  
  29  3:41  Pylon  
  29  3:50  Probe (Chrono Boost)  
  29  3:55  Probe (Chrono Boost), Oracle (Chrono Boost)  
  31  3:59  Probe (Chrono Boost)  
  35  4:07  Probe x2 (Chrono Boost)  
  39  4:24  Gateway  
  40  4:26  Probe x2 (Chrono Boost)  
  41  4:37  Probe (Chrono Boost)  
  40  4:43  Gateway x2, Probe (Chrono Boost)  
  41  4:47  Stalker  
  41  4:48  Probe (Chrono Boost)  
  44  4:55  Probe (Chrono Boost)  
  39  5:08  Sentry  
  39  5:11  Probe  
  39  5:12  Zealot  
  38  5:37  Zealot x3  
  40  6:01  Nexus  
  40  6:02  Oracle (Chrono Boost)  
  43  6:14  Pylon  
  43  6:15  Stalker x3  
  43  6:17  Pylon  
  49  6:26  Probe (Chrono Boost)  
  49  6:32  Pylon  
  50  6:33  Assimilator  
  50  6:46  Zealot x2  
  54  6:55  Stalker  
  54  7:00  Zealot  
  58  7:06  Zealot  
  60  7:14  Stalker  
  62  7:21  Probe (Chrono Boost)  
  63  7:30  Zealot x2  
  67  7:43  Robotics Facility  
  67  7:57  Stalker  
  69  8:01  Probe (Chrono Boost)  
  69  8:02  Probe (Chrono Boost)  
  71  8:19  Stalker  
  73  8:21  Stalker  
  75  8:43  Stalker x2  
  75  8:46  Probe (Chrono Boost)  
  81  8:51  Probe (Chrono Boost)  
  81  8:58  Zealot x2  
  85  9:15  Pylon  
  85  9:26  Zealot  
  77  9:37  Stalker x2  
  65  9:45  Immortal (Chrono Boost)  
  67  9:51  Zealot  
  49  10:00  Zealot x2  
  49  10:06  Probe (Chrono Boost)  
  51  10:12  Probe (Chrono Boost)  
  48  10:17  Zealot  
  48  10:24  Stalker x2  
  52  10:33  Stalker  
  50  10:43  Stalker x2  
  50  10:48  Probe (Chrono Boost)  
  53  10:52  Probe (Chrono Boost)  
  53  11:03  Probe (Chrono Boost)  
  54  11:06  Twilight Council  
  50  11:17  Zealot x3  
  56  11:26  Stalker x2  
  62  11:33  Mothership Core (Chrono Boost)  
  62  11:37  Stalker  
  62  11:38  Zealot  
  63  11:40  Probe (Chrono Boost)  
  64  11:50  Templar Archives  
  64  11:55  Stalker  
  66  12:06  Zealot x2  
  66  12:11  Zealot  
  66  12:12  Zealot  
Tags
 
Add a new tag
Caveats
  • Supply blocks, unpowered buildings, or Contaminate may cause inaccurate times.
  • Supply counts are checked every 10 seconds.